 Dungeon Crawl Stone Soup version 0.27.1-1-g398f81649c (webtiles) character file.

Game seed: 6535704268429670250

222 oldmanjim the Fighter (level 5, -1/51 HPs)
             Began as a Gnoll Wanderer on Sept 17, 2021.
             Slain by an orc warrior (18 damage)
             ... on level 3 of the Dungeon.
             The game lasted 00:19:08 (4674 turns).

oldmanjim the Fighter (Gnoll Wanderer)              Turns: 4674, Time: 00:19:09

Health: -1/51      AC: 10    Str:  8    XL:     5   Next: 99%
Magic:  7/7        EV:  8    Int: 15    God:
Gold:   106        SH:  4    Dex: 12    Spells: 7/7 levels left

rFire    . . .     SeeInvis .   a - +2 whip (venom)
rCold    . . .     Faith    .   c - +0 buckler
rNeg     . . .     Spirit   .   d - +2 scale mail
rPois    .         Reflect  .   (no helmet)
rElec    .         Harm     .   l - +0 cloak
rCorr    .         Rampage  .   (no gloves)
Will     .....                  (no boots)
Stlth    ..........             (no amulet)
HPRegen  0.17/turn              (no ring)
MPRegen  0.10/turn              (no ring)

@: no status effects
A: fangs 1, strong nose, distributed training
a: no special abilities


You were on level 3 of the Dungeon.
You visited 1 branch of the dungeon, and saw 3 of its levels.

You collected 106 gold pieces.

Inventory:

Hand Weapons
 a - a +2 whip of venom (weapon)
 r - a +0 dagger of venom
Missiles
 g - 14 stones
 k - 11 arrows
 n - 20 bolts
 o - 16 poisoned darts (quivered)
Armour
 c - a +0 buckler (worn)
 d - a +2 scale mail (worn)
 l - a +0 cloak (worn)
 q - a +0 kite shield
Wands
 p - a wand of flame (2)
Scrolls
 b - 3 scrolls of teleportation
 f - a scroll of amnesia {unknown}
 h - 4 scrolls of identify {unknown}
 j - a scroll of silence {unknown}
 m - a scroll of torment {unknown}
Potions
 e - a potion of attraction {unknown}
 i - 3 potions of curing


   Skills:
 + Level 8.7 Fighting
 + Level 1.7 Short Blades
 + Level 1.7 Long Blades
 + Level 1.7 Axes
 + Level 1.7 Maces & Flails
 + Level 1.7 Polearms
 + Level 1.7 Staves
 + Level 1.7 Slings
 + Level 3.1 Bows
 + Level 3.1 Crossbows
 + Level 1.7 Throwing
 + Level 4.9 Armour
 + Level 1.7 Dodging
 + Level 1.7 Stealth
 + Level 3.1 Shields
 + Level 1.7 Unarmed Combat
 + Level 1.7 Spellcasting
 + Level 1.3 Conjurations
 + Level 1.3 Hexes
 + Level 1.3 Summonings
 + Level 1.3 Necromancy
 + Level 1.3 Translocations
 + Level 1.3 Transmutations
 + Level 1.3 Fire Magic
 + Level 1.3 Ice Magic
 + Level 1.3 Air Magic
 + Level 1.3 Earth Magic
 + Level 1.3 Poison Magic
 + Level 1.9 Invocations
 + Level 3.1 Evocations


You had 7 spell levels left.
You didn't know any spells.
Your spell library contained the following spells:

 Spells                   Type           Power      Damage    Failure   Level
 Animate Skeleton         Necr           10%        N/A       75%         1
 Pain                     Necr           20%        1d5       75%         1
 Stone Arrow              Conj/Erth      10%        3d7       98%         3
 Animate Armour           Summ/Erth      10%        N/A       100%        4
 Lehudib's Crystal Spear  Conj/Erth      2%         10d2      100%        8


Dungeon Overview and Level Annotations

Branches:
Dungeon (3/15)

Altars:
Ru
Yredelemnul

Annotations:
D:3 Sigmund


Innate Abilities, Weirdness & Mutations

You have very sharp teeth.
Your uncanny sense of smell can sniff out nearby items.
Your experience applies equally to all skills.


Message History

Jessica hits you with a +0 club.
You barely miss Jessica.
Jessica is severely wounded.
Jessica barely misses you.
Your scale mail prevents you from hitting Jessica.
Jessica is almost dead.
You kill Jessica!
You pick up Jessica's Guide on Stolen Souls and begin reading...
You add the spells Animate Skeleton and Pain to your library.
HP restored.
There is an open door here.
Things that are here:
a +0 club; a +0 robe
Okay, then.
The orc warrior shouts!
The orc shouts!
The orc wizard casts a spell.
The orc wizard flickers and vanishes!
Deactivating autopickup; reactivate with Ctrl-A.
The orc warrior hits you with a +0 halberd!
You hit the orc warrior.
The orc warrior is poisoned.
The orc warrior is lightly wounded.
The orc warrior hits you with a +0 halberd!
You barely miss the orc warrior.
The orc warrior is lightly wounded.
The orc warrior hits you with a +0 halberd!
You closely miss the orc warrior.
The orc warrior is lightly wounded.
The orc warrior completely misses you.
You hit the orc warrior but do no damage.
The orc warrior looks as sick as possible!
The orc warrior is lightly wounded.
The orc warrior closely misses you. The orc warrior barely misses you.
You hit the orc warrior.
The orc warrior looks even sicker.
The orc warrior is severely wounded.
The orc warrior barely misses you.
The orc warrior hits you with a +0 halberd!
The orc warrior hits you from afar with a +0 halberd!!
You die...

..#..# ##...## #..........#
....#######...## #..........#
..>.##.......##### #..........#
....##.##........## #..........#
#......#..........###..........#
#...###............#...........#
..#........)...................#
.#..###................#.#######
......##........@#####...#
....#...#....#..##...##..#
.....##.[....#o.#.....#..#
..........#....o#.....').#
......###....o..#.....#..##
......#####.#...##...##...####
......##.........#####.......####
..........##...........#####....#
..........##....#.....## ######


You could see an orc warrior (very poisoned) and 2 orcs.

Vanquished Creatures
  Jessica (D:3)
  Natasha (thrice) (D:2)
  6 adders
  A worm (D:2)
  3 dart slugs
  5 orcs
  5 ball pythons
  5 endoplasms
  2 giant cockroaches (D:2)
  6 goblins
  4 hobgoblins
  4 kobolds (D:1)
  3 quokkas
  3 bats
  A frilled lizard (D:1)
  7 rats
59 creatures vanquished.

Notes
Turn   | Place    | Note
-------+----------+-------------------------------------------
     0 | D:1      | oldmanjim the Gnoll Wanderer began the quest for the Orb.
     0 | D:1      | oldmanjim set off with the following items: a +0 dagger, a
                  | scroll of teleportation, a +0 buckler, a +2 scale mail
     0 | D:1      | Reached XP level 1. HP: 26/26 MP: 1/1
   500 | D:1      | Reached XP level 2. HP: 33/33 MP: 2/2
   576 | D:1      | Found a faded altar of an unknown god.
  1551 | D:2      | Reached XP level 3. HP: 38/38 MP: 3/3
  1653 | D:2      | Reached skill level 1 in Invocations
  1709 | D:2      | Reached skill level 1 in Short Blades
  1709 | D:2      | Reached skill level 1 in Long Blades
  1709 | D:2      | Reached skill level 1 in Axes
  1709 | D:2      | Reached skill level 1 in Maces & Flails
  1709 | D:2      | Reached skill level 1 in Polearms
  1709 | D:2      | Reached skill level 1 in Staves
  1709 | D:2      | Reached skill level 1 in Slings
  1709 | D:2      | Reached skill level 1 in Throwing
  1709 | D:2      | Reached skill level 1 in Dodging
  1709 | D:2      | Reached skill level 1 in Stealth
  1709 | D:2      | Reached skill level 1 in Unarmed Combat
  1709 | D:2      | Reached skill level 1 in Spellcasting
  1924 | D:2      | Reached XP level 4. HP: 32/45 MP: 5/5
  2301 | D:3      | Noticed Sigmund
  2331 | D:3      | Noticed Natasha
  2656 | D:3      | Reached skill level 1 in Conjurations
  2656 | D:3      | Reached skill level 1 in Hexes
  2656 | D:3      | Reached skill level 1 in Summonings
  2656 | D:3      | Reached skill level 1 in Necromancy
  2656 | D:3      | Reached skill level 1 in Translocations
  2656 | D:3      | Reached skill level 1 in Transmutations
  2656 | D:3      | Reached skill level 1 in Fire Magic
  2656 | D:3      | Reached skill level 1 in Ice Magic
  2656 | D:3      | Reached skill level 1 in Air Magic
  2656 | D:3      | Reached skill level 1 in Earth Magic
  2656 | D:3      | Reached skill level 1 in Poison Magic
  2709 | D:3      | Found a sacrificial altar of Ru.
  2753 | D:2      | Killed Natasha
  2754 | D:2      | Reached XP level 5. HP: 41/51 MP: 5/7
  2956 | D:2      | Noticed Natasha
  2976 | D:2      | Killed Natasha
  3171 | D:2      | Noticed Natasha
  3198 | D:2      | Killed Natasha
  4077 | D:3      | Found a basalt altar of Yredelemnul.
  4172 | D:3      | Noticed an orc warrior
  4478 | D:3      | Noticed Jessica
  4489 | D:3      | Killed Jessica
  4493 | D:3      | Got Jessica's Guide on Stolen Souls
  4674 | D:3      | Slain by an orc warrior

Illustrated notes

Levels and vault maps discovered:
D:1:      ncdulo_smallfort, layout_loops_ring, serial_rivers,
          chequers_serial_rivers_micro_b, chequers_serial_rivers_small_b,
          chequers_serial_rivers_large_a, chequers_serial_rivers_micro_e,
          chequers_serial_rivers_room_a, ebering_ecumenical_altar_mist,
          minmay_misc_feat_four_crosses
D:2:      layout_basic, serial_bayou_pond_c
D:3:      layout_rooms, mainiacjoe_overflow_cross_hatched,
          nicolae_ru_awakened_eye, kennysheep_jessica_study, uniq_natasha,
          uniq_sigmund

Skill      XL: |  1  2  3  4  5 |
---------------+----------------+-----
Invocations    | 1 |  1.9
Short Blades   | 1 |  1.7
Long Blades    | 1 |  1.7
Axes           | 1 |  1.7
Maces & Flails | 1 |  1.7
Polearms       | 1 |  1.7
Staves         | 1 |  1.7
Slings         | 1 |  1.7
Throwing       | 1 |  1.7
Dodging        | 1 |  1.7
Stealth        | 1 |  1.7
Unarmed Combat | 1 |  1.7
Spellcasting   | 1 |  1.7
Conjurations   | 1 |  1.3
Hexes          | 1 |  1.3
Summonings     | 1 |  1.3
Necromancy     | 1 |  1.3
Translocations | 1 |  1.3
Transmutations | 1 |  1.3
Fire Magic     | 1 |  1.3
Ice Magic      | 1 |  1.3
Air Magic      | 1 |  1.3
Earth Magic    | 1 |  1.3
Poison Magic   | 1 |  1.3
Bows           | 3 |  3.1
Crossbows      | 3 |  3.1
Shields        | 3 |  3.1
Evocations     | 3 |  3.1
Fighting       | |  8.7
Armour         | |  4.9

Action                   |  1- 3 |  4- 6 || total
-------------------------+-------+-------++-------
Melee: Dagger            |   121 |    70 ||   191
       Bite              |     7 |     8 ||    15
       Whip              |       |    25 ||    25
Throw: Stone             |    16 |     1 ||    17
       Dart              |       |     5 ||     5
Armor: Scale mail        |    65 |    41 ||   106
Dodge: Dodged            |    27 |    38 ||    65
Block: Buckler           |    20 |    24 ||    44
